 Dungeon Crawl Stone Soup version 0.29.1-1-gd02db6906a (webtiles) character file.

Game seed: 15210587553690129248

667 dave1331 the Poker (level 7, 0/61 HPs)
             Began as a Minotaur Fighter on Oct 2, 2022.
             Was a Believer of Fedhas.
             Killed by nerve-wracking pain
             ... invoked by Grinder
              (9 damage)
             ... on level 5 of the Dungeon.
             The game lasted 00:08:18 (3729 turns).

dave1331 the Poker (Minotaur Fighter)               Turns: 3729, Time: 00:08:18

Health: 0/61       AC: 10    Str: 23    XL:     7   Next: 31%
Magic:  6/6        EV: 10    Int:  5    God:    Fedhas [**....]
Gold:   162        SH:  4    Dex:  9    Spells: 6/6 levels left

rFire   x . .      SeeInvis .   a - +0 trident
rCold   + . .      Faith    .   c - +0 buckler
rNeg    . . .      Spirit   .   b - +0 scale mail
rPois   .          Reflect  .   (helmet restricted)
rElec   .          Harm     .   u - +0 cloak
rCorr   .          Rampage  .   m - +0 pair of gloves
Will    .....                   (no boots)
Stlth   ..........              (no amulet)
HPRegen 0.20/turn               e - ring of ice
MPRegen 0.10/turn               (no ring)

@: no status effects
A: horns 2, retaliatory headbutt
a: Renounce Religion, Wall of Briars


You were on level 5 of the Dungeon.
You worshipped Fedhas.
Fedhas was pleased with you.
You visited 1 branch of the dungeon, and saw 5 of its levels.

You collected 162 gold pieces.

Inventory:

Hand Weapons
 a - a +0 trident (weapon)
Missiles
 s - 2 boomerangs of dispersal (quivered)
Armour
 b - a +0 scale mail (worn)
 c - a +0 buckler (worn)
 m - a +0 pair of gloves (worn)
 u - a +0 cloak (worn)
Jewellery
 e - a ring of ice (left hand)
Wands
 w - a wand of acid (2)
Scrolls
 f - a scroll of magic mapping {unknown}
 h - a scroll of fear {unknown}
 i - 2 scrolls of fog {unknown}
 j - a scroll of enchant armour {unknown}
 q - a scroll of noise {unknown}
 v - a scroll of identify {unknown}
 x - a scroll of blinking {unknown}
 y - a scroll of teleportation {unknown}
Potions
 d - a potion of brilliance {unknown}
 g - 2 potions of curing {unknown}
 k - 3 potions of lignification {unknown}
 l - a potion of degeneration {unknown}
 n - a potion of cancellation {unknown}
 o - a potion of flight {unknown}
 p - a potion of magic {unknown}
 r - a potion of attraction {unknown}
 t - a potion of heal wounds {unknown}
 z - a potion of mutation {unknown}


   Skills:
 + Level 5.1 Fighting
 + Level 6.4 Polearms
 + Level 6.4 Armour
 + Level 1.9 Dodging
 + Level 0.3 Stealth
 + Level 4.6 Shields


You had 6 spell levels left.
You didn't know any spells.
Your spell library contained the following spells:

 Spells                   Type           Power      Damage    Failure   Level
 Portal Projectile        Hex/Tloc       0%         N/A       99%         3
 Tukima's Dance           Hex            0%         N/A       99%         3
 Blade Hands              Tmut           0%         N/A       100%        5
 Malign Gateway           Summ/Tloc      0%         N/A       100%        7
 Summon Horrible Things   Summ           0%         N/A       100%        8


Dungeon Overview and Level Annotations

Branches:
Dungeon (5/15)             Temple (0/1) D:4

Altars:
Fedhas
Nemelex Xobeh
Qazlal
Trog
Wu Jian
Xom

Annotations:
D:5 Grinder


Innate Abilities, Weirdness & Mutations

You have a pair of horns on your head.
You reflexively headbutt those who attack you in melee.


Message History

You kill the orc!
Fedhas appreciates your contribution to the ecosystem.
The orc closely misses you.
Grinder says, "You look like you could use a good racking."
You block Grinder's attack. Grinder attacks as you move away!
Grinder hits you but does no damage. The orc hits you with a +0 dagger.
Grinder gestures at you.
You suddenly lose the ability to move!
The orc hits you but does no damage. The orc hits you with a +0 dagger.
Grinder hits you but does no damage. The orc hits you but does no damage.
Grinder gestures at you. You resist with significant effort.
The orc hits you but does no damage. Grinder hits you.
* * * LOW HITPOINT WARNING * * *
You writhe in agony.
* * * LOW HITPOINT WARNING * * *
You can move again.
You see here a +0 hand axe.
The orc hits you but does no damage.
You see here a +0 dagger.
The orc attacks as you move away! The orc barely misses you.
There is a stone staircase leading up here.
You puncture the orc!
You kill the orc!
Fedhas appreciates your contribution to the ecosystem.
Grinder hits you.
* * * LOW HITPOINT WARNING * * *
You writhe in agony.
* * * LOW HITPOINT WARNING * * *
You barely miss Grinder. Your headbutt misses Grinder.
Grinder blinks!
Grinder gestures at you.
You struggle to resist.
There is a stone staircase leading up here.
You see here a +0 dagger.
Grinder gestures at you. Pain shoots through your body!
You die...
Fedhas appreciates your contribution to the ecosystem.

### #####.###
.......##
$......#
#.....#######
#...........
##)5.........
##.<@)......#
#...###...###
#...## ...#
#.### ..##
..# ..# ..#
..# #... ..#
... ..# ..#


You could see Grinder.

Vanquished Creatures
  Pikel (D:4)
  A lemure (D:4)
  Crazy Yiuf (D:4)
  A hound (D:4)
  An orc priest (D:5)
  Jessica (D:3)
  Ijyb (D:4)
  An iguana (D:4)
  An adder (D:3)
  A worm (D:2)
  A dart slug (D:3)
  3 orcs (D:5)
  5 endoplasms
  7 giant cockroaches
  7 goblins
  5 hobgoblins
  6 jackals
  A quokka (D:4)
  8 ball pythons
  5 bats
  2 kobolds
  8 rats
68 creatures vanquished.

Vanquished Creatures (others)
  2 withered plants (D:1)
2 creatures vanquished.

Grand Total: 70 creatures vanquished

Notes
Turn   | Place    | Note
-------+----------+-------------------------------------------
     0 | D:1      | dave1331 the Minotaur Fighter began the quest for the Orb.
     0 | D:1      | Reached XP level 1. HP: 19/19 MP: 0/0
    30 | D:1      | You fall into a shaft and drop 1 floor!
   350 | D:2      | Reached XP level 2. HP: 27/27 MP: 1/1
   836 | D:2      | Identified the +1 flail of Wixayf {holy, Fly rC- Str+3}
   911 | D:1      | Found a faded altar of an unknown god.
  1215 | D:1      | Reached XP level 3. HP: 33/33 MP: 2/2
  1744 | D:1      | Prayed at the altar of an unknown god.
  1744 | D:1      | Became a worshipper of Fedhas Madash
  1744 | D:1      | Reached * piety under Fedhas
  1881 | D:3      | Found an ornate altar of the Wu Jian Council.
  1988 | D:3      | Noticed Jessica
  1993 | D:3      | Killed Jessica
  1994 | D:3      | Reached XP level 4. HP: 39/41 MP: 3/3
  2070 | D:3      | Found a blossoming altar of Fedhas.
  2129 | D:3      | Found a faded altar of an unknown god.
  2137 | D:3      | Found a sparkling altar of Nemelex Xobeh.
  2183 | D:3      | Found a shimmering altar of Xom.
  2186 | D:3      | Found a stormy altar of Qazlal.
  2189 | D:3      | Found a bloodstained altar of Trog.
  2302 | D:4      | Noticed Crazy Yiuf
  2302 | D:4      | Found a runed translucent door.
  2308 | D:4      | Killed Crazy Yiuf
  2560 | D:4      | Noticed Ijyb
  2574 | D:4      | Killed Ijyb
  2575 | D:4      | Reached skill level 1 in Dodging
  2575 | D:4      | Reached XP level 5. HP: 13/47 MP: 4/4
  2830 | D:4      | Found a staircase to the Ecumenical Temple.
  2908 | D:4      | Reached ** piety under Fedhas
  2977 | D:4      | Noticed a lemure
  2977 | D:4      | Noticed a lemure
  2978 | D:4      | Noticed Pikel
  2978 | D:4      | Noticed a lemure
  2989 | D:4      | Noticed a lemure
  2992 | D:4      | Killed a lemure
  3005 | D:4      | Killed Pikel
  3006 | D:4      | Reached skill level 5 in Fighting
  3006 | D:4      | Reached XP level 6. HP: 28/56 MP: 5/5
  3006 | D:4      | Reached XP level 7. HP: 31/61 MP: 6/6
  3692 | D:5      | Entered Level 5 of the Dungeon
  3699 | D:5      | Noticed Grinder
  3716 | D:5      | Paralysed by Grinder for 5 turns
  3729 | D:5      | Killed from afar by Grinder

Illustrated notes

Levels and vault maps discovered:
D:1:      lightli_iron_boxes, layout_basic, ebering_ecumenical_altar_petrified
D:2:      layout_loops_ring, minmay_pentomino_u2
D:3:      layout_rooms, nicolae_overflow_ecumenical_swirl, lemuel_tele_altar,
          mainiacjoe_overflow_catwalk, grunt_temple_overflow_diamond,
          uniq_jessica
D:4:      layout_basic, minmay_temple_entry_gardened_gates, chequers_garden,
          uniq_crazy_yiuf_cottage, uniq_pikel, uniq_ijyb
D:5:      cheibrodos_two_vegetables, layout_layer_cave, kennysheep_nondescript,
          uniq_grinder

Skill      XL: |  1  2  3  4  5 |
---------------+----------------+-----
Fighting       | 4 5 |  5.1
Shields        | 4 |  4.6
Armour         | 4 6 |  6.4
Polearms       | 3 6 |  6.4
Dodging        | 1 |  1.9
Stealth        | |  0.3

Action                   |  1- 3 |  4- 6 |  7- 9 || total
-------------------------+-------+-------+-------++-------
Melee: Trident           |    90 |    57 |    19 ||   166
       Headbutt          |    11 |     4 |     5 ||    20
  Use: Potion            |       |     1 |       ||     1
Armor: Scale mail        |    47 |    36 |    15 ||    98
Dodge: Dodged            |    59 |    30 |    23 ||   112
Block: Buckler           |    25 |    10 |    10 ||    45
